 Dungeon Crawl Stone Soup version 0.28-a0-1510-gd0f6b136d3 (webtiles) character file.

Game seed: 10854074522570515116

10033 sanka the Fighter (level 11, -4/99 (110) HPs)
             Began as a Gnoll Wanderer on Jan 15, 2022.
             Was a High Priest of Wu Jian.
             Killed from afar by Nergalle (28 damage)
             ... with a bolt of negative energy
             ... on level 10 of the Dungeon.
             The game lasted 00:15:32 (8818 turns).

sanka the Fighter (Gnoll Wanderer)                  Turns: 8818, Time: 00:15:33

HP:   -4/99 (110)   AC: 10    Str: 12    XL:     11   Next: 55%
MP:   19/20         EV: 17    Int: 13    God:    Wu Jian [*****.]
Gold: 436           SH:  0    Dex: 21    Spells: 18/22 levels left

rFire   + + .      SeeInvis .   m - +10 rapier "Defekly" {spect, Fly rPois rF++ Dex-5}
rCold   . . .      Faith    .   (no shield)
rNeg    . . .      Spirit   .   I - +3 leather armour
rPois   +          Reflect  .   y - +1 helmet
rElec   .          Harm     .   (no cloak)
rCorr   .          Rampage  .   j - +0 pair of gloves
Will    .....                   (no boots)
Stlth   +++.......              H - amulet of Vitality {Regen+ HP+15}
HPRegen 1.06/turn               d - +6 ring of dexterity
MPRegen 0.17/turn               O - +6 ring of dexterity

@: flying, heavily drained
A: fangs 1, strong nose, distributed training
a: Renounce Religion, Wall Jump, Serpent's Lash, Heavenly Storm


You were on level 10 of the Dungeon.
You worshipped Wu Jian.
Wu Jian was extremely pleased with you.
You visited 1 branch of the dungeon, and saw 10 of its levels.

You collected 436 gold pieces.


Innate Abilities, Weirdness & Mutations

You have very sharp teeth.
Your uncanny sense of smell can sniff out nearby items.
Your experience applies equally to all skills.


   Skills:
 + Level 12.2 Fighting
 + Level 6.4 Short Blades
 + Level 7.0 Long Blades
 + Level 6.4 Axes
 + Level 6.4 Maces & Flails
 + Level 6.4 Polearms
 + Level 6.4 Staves
 + Level 6.4 Slings
 + Level 6.4 Bows
 + Level 6.4 Crossbows
 + Level 6.4 Throwing
 + Level 8.0 Armour
 + Level 8.0 Dodging
 + Level 6.4 Stealth
 + Level 6.4 Shields
 + Level 6.4 Unarmed Combat
 + Level 6.4 Spellcasting
 + Level 5.3 Conjurations
 + Level 5.3 Hexes
 + Level 5.3 Summonings
 + Level 5.3 Necromancy
 + Level 5.3 Translocations
 + Level 5.3 Transmutations
 + Level 5.3 Fire Magic
 + Level 5.3 Ice Magic
 + Level 5.3 Air Magic
 + Level 5.3 Earth Magic
 + Level 5.3 Poison Magic
 + Level 7.0 Invocations
 + Level 6.4 Evocations


You had 18 spell levels left.
You knew the following spells:

 Your Spells              Type           Power      Damage    Failure   Level
y - Poisonous Vapours     Pois/Air       36%        N/A       3%          2
z - Ensorcelled Hibernat  Hex/Ice        36%        N/A       3%          2

Your spell library contained the following spells:

 Spells                   Type           Power      Damage    Failure   Level
 Corpse Rot               Necr/Air       36%        N/A       3%          2
 Conjure Flame            Conj/Fire      18%        6-21      7%          3
 Ignite Poison            Fire/Tmut/Pois 18%        N/A       7%          3
 Spider Form              Tmut/Pois      18%        N/A       7%          3
 Anguish                  Hex/Necr       9%         N/A       22%         4
 Passage of Golubria      Tloc           18%        N/A       22%         4
 Sticky Flame             Conj/Fire      18%        2d4       22%         4
 Fireball                 Conj/Fire      9%         3d6       52%         5
 Iskenderun's Battlesphe  Conj           18%        2d7       52%         5
 Silence                  Hex/Air        9%         N/A       52%         5
 Conjure Ball Lightning   Conj/Air       9%         3x3d6     98%         6
 Orb of Destruction       Conj           9%         9d6       100%        7
 Lehudib's Crystal Spear  Conj/Erth      9%         10d4      100%        8
 Chain Lightning          Conj/Air       9%         3d12      100%        9
 Fire Storm               Conj/Fire      9%         8d2       100%        9
 Shatter                  Erth           9%         3d11*     100%        9

Inventory:

Hand Weapons
 a - a +1 falchion
 m - the +10 rapier "Defekly" (weapon) {spect, Fly rPois rF++ Dex-5} When its wielder attacks, the weapon's spirit leaps out and strikes again. The spirit shares a part of any damage it takes with its wielder. Dex: It affects your dexterity (-5). rF: It greatly protects you from fire. rPois: It protects you from poison. Fly: It grants you flight.
 s - the +9 dagger of Miuti {drain, rCorr} A truly terrible weapon, it drains the life of any living foe it strikes. rCorr: It protects you from acid and corrosion.
Armour
 b - a +2 scale mail
 j - a +0 pair of gloves (worn)
 y - a +1 helmet (worn)
 I - a +3 leather armour (worn)
Magical Staves
 w - a staff of fire
 J - a staff of poison
Jewellery
 d - a +6 ring of dexterity (left hand)
 H - the amulet of Vitality (around neck) {Regen+ HP+15}

   [amulet of regeneration]

   HP:        It affects your health (+15).
   Regen:     It increases your rate of health regeneration.
 N - an amulet of reflection
 O - a +6 ring of dexterity (right hand)
Wands
 g - a wand of mindburst (8)
 K - a wand of iceblast (6)
 L - a wand of paralysis (5)
Scrolls
 h - 4 scrolls of fear
 i - a scroll of enchant armour
 k - a scroll of acquirement {unknown}
 l - 3 scrolls of teleportation {@r4}
 n - 2 scrolls of brand weapon {unknown}
 o - 2 scrolls of holy word
 v - a scroll of noise {!r}
 x - 2 scrolls of fog
 B - a scroll of vulnerability {!r}
 C - 3 scrolls of immolation {!r}
 D - 2 scrolls of amnesia
 M - a scroll of identify {@r1}
Potions
 c - 2 potions of curing {unknown}
 e - a potion of magic {unknown}
 f - 4 potions of flight {unknown}
 p - 2 potions of ambrosia {unknown}
 q - 2 potions of haste {unknown}
 r - a potion of might {unknown}
 t - 2 potions of heal wounds {unknown}
 u - 2 potions of attraction {unknown}
 A - 2 potions of cancellation {unknown}
 E - 2 potions of invisibility {unknown}
 F - a potion of mutation {unknown}
 G - a potion of lignification {unknown}

Dungeon Overview and Level Annotations

Branches:
Dungeon (10/15)            Temple (0/1) D:7             Orc (0/2) D:9
   Lair: D:8-11

Altars:
Vehumet
Wu Jian

Shops:
D:6 =*   D:8 ?

Annotations:
D:9 2 runed translucent doors
D:10 Nergalle

▒...........'..........▒
▒▒▒▒.......#▒...▒'▒▒▒▒.▒
▒........▒...▒....▒.▒▒▒▒▒▒▒
▒........▒...▒....▒.......▒
▒▒▒▒▒........▒o..▒....▒.......▒
▒............▒Z..▒▒▒▒'▒........
▒............▒Z.............▒▒▒
▒............▒..............▒
▒............▒g▒▒▒▒▒▒▒▒.....▒▒▒
▒▒▒▒▒▒.......▒.▒ ▒........
▒.......▒.▒ ▒.....▒▒▒
▒...)...▒.▒ ▒.....▒ ▒......▒▒)▒
▒.....▒ ▒......'..▒ ▒.....▒
▒▒▒.>..▒▒▒..▒ ▒.....▒ .
▒......▒....▒▒▒▒▒▒▒▒.....▒ .
▒......▒.................▒..


You could see Nergalle (poisoned), a spectral orc knight (summoned) and a
spectral orc warlord (summoned).


Message History

Unknown command.
Unknown command.
You hit the spectral orc knight but do no damage.
You bite the spectral orc knight, but do no damage.
The spectral orc warlord hits you with a +5 vorpal bardiche!!!
* * * LOW HITPOINT WARNING * * *
* * * LOW HITPOINT WARNING * * *
The spectral orc knight barely misses you.
You hit the spectral orc knight.
You bite the spectral orc knight, but do no damage.
The spectral orc knight is lightly damaged.
The spectral orc warlord hits you with a +5 vorpal bardiche!!
* * * LOW HITPOINT WARNING * * *
* * * LOW HITPOINT WARNING * * *
The spectral orc knight hits you with a +0 broad axe!
* * * LOW HITPOINT WARNING * * *
You feel drained.
* * * LOW HITPOINT WARNING * * *
Unknown command.
Unknown command.
The spectral orc warlord barely misses you.
Nergalle blows her nose.
Nergalle points at you and mumbles some strange words.
The bolt of negative energy hits the spectral orc warlord.
The spectral orc warlord completely resists.
The bolt of negative energy hits the spectral orc knight.
The spectral orc knight completely resists.
The bolt of negative energy hits you!!
You feel drained.
You die...

Action                   |  1- 3 |  4- 6 |  7- 9 | 10-12 || total
-------------------------+-------+-------+-------+-------++-------
Melee: Falchion          |    85 |       |       |       ||    85
       Bite              |     5 |     1 |    10 |    28 ||    44
       Rapier            |     2 |    52 |   159 |   204 ||   417
       Punch             |       |     1 |     5 |     6 ||    12
 Cast: Poisonous Vapours |       |       |       |    11 ||    11
       Ensorcelled Hiber |       |       |       |     1 ||     1
Invok: Lunge             |     6 |     8 |    20 |    19 ||    53
       Whirlwind         |       |     4 |       |     2 ||     6
Evoke: Wand              |       |       |       |     4 ||     4
  Use: Scroll            |       |       |       |     9 ||     9
 Stab: Distracted        |       |       |     2 |     1 ||     3
       Sleeping          |       |       |       |     5 ||     5
Armor: Scale mail        |    37 |    10 |    47 |    33 ||   127
       Leather armour    |       |       |       |    19 ||    19
Dodge: Dodged            |    36 |    25 |    82 |   112 ||   255

Levels and vault maps discovered:
D:1:      elethiomel_arrival_infinity_welcomes_careful_drivers,
          layout_loops_corners, basic_ecumenical_altar, minmay_tromino_v7
D:2:      layout_loops_corners, mrwooster_statue_mirror,
          kennysheep_generic_room_8
D:3:      layout_loops_ring, gammafunk_ghost_arena, minmay_fractal_squares_5
D:4:      layout_gridville, mainiacjoe_overflow_cross_hatched, uniq_robin,
          uniq_duvessa
D:5:      layout_loops_ring, uniq_sigmund, uniq_blork_the_orc, uniq_pikel,
          uniq_ijyb, uniq_prince_ribbit1
D:6:      layout_rooms, nicolae_alphabet_shops, minmay_shop_enchanted_jewellery
D:7:      layout_basic, minmay_temple_entry_crystal_x,
          hellmonk_guarded_unrand_vitality_bloodlust, uniq_maggie
D:8:      layout_loops_ring, serial_shops, nicolae_square_shop,
          minmay_increasing_density
D:9:      layout_basic, minmay_orc_entry_guard_dogs,
          minmay_guarded_unrand_resistance
D:10:     layout_irregular_city, grunt_tough_drop, uniq_nergalle, uniq_harold,
          uniq_joseph

Notes
Turn   | Place    | Note
-------+----------+-------------------------------------------
     0 | D:1      | Reached skill level 10 in Fighting
     0 | D:1      | sanka the Gnoll Wanderer began the quest for the Orb.
     0 | D:1      | sanka set off with the following items: a +1 falchion, a +2
                  | scale mail
     0 | D:1      | Reached XP level 1. HP: 29/29 MP: 1/1
   288 | D:1      | Reached XP level 2. HP: 36/36 MP: 2/2
   643 | D:1      | Found a faded altar of an unknown god.
  1080 | D:1      | Prayed at the altar of an unknown god.
  1080 | D:1      | Became a worshipper of the Wu Jian Council
  1080 | D:1      | Reached * piety under Wu Jian
  1104 | D:2      | Reached XP level 3. HP: 38/42 MP: 3/3
  1507 | D:2      | Reached skill level 1 in Invocations
  2038 | D:2      | Identified the +10 rapier "Defekly" {spect, Fly rPois rF++
                  | Dex-5}
  2098 | D:3      | Reached skill level 1 in Short Blades
  2098 | D:3      | Reached skill level 1 in Axes
  2098 | D:3      | Reached skill level 1 in Maces & Flails
  2098 | D:3      | Reached skill level 1 in Polearms
  2098 | D:3      | Reached skill level 1 in Staves
  2098 | D:3      | Reached skill level 1 in Slings
  2098 | D:3      | Reached skill level 1 in Bows
  2098 | D:3      | Reached skill level 1 in Crossbows
  2098 | D:3      | Reached skill level 1 in Throwing
  2098 | D:3      | Reached skill level 1 in Stealth
  2098 | D:3      | Reached skill level 1 in Shields
  2098 | D:3      | Reached skill level 1 in Unarmed Combat
  2098 | D:3      | Reached skill level 1 in Spellcasting
  2098 | D:3      | Reached skill level 1 in Evocations
  2098 | D:3      | Reached XP level 4. HP: 40/48 MP: 5/5
  2104 | D:3      | Reached skill level 1 in Conjurations
  2104 | D:3      | Reached skill level 1 in Hexes
  2104 | D:3      | Reached skill level 1 in Summonings
  2104 | D:3      | Reached skill level 1 in Necromancy
  2104 | D:3      | Reached skill level 1 in Translocations
  2104 | D:3      | Reached skill level 1 in Transmutations
  2104 | D:3      | Reached skill level 1 in Fire Magic
  2104 | D:3      | Reached skill level 1 in Ice Magic
  2104 | D:3      | Reached skill level 1 in Air Magic
  2104 | D:3      | Reached skill level 1 in Earth Magic
  2104 | D:3      | Reached skill level 1 in Poison Magic
  2194 | D:3      | Found a transporter.
  2218 | D:3      | Found a transporter.
  2218 | D:3      | Noticed PaleRider's ghost (amateur MiBe)
  2324 | D:3      | Reached XP level 5. HP: 54/54 MP: 6/6
  2328 | D:3      | Reached ** piety under Wu Jian
  2867 | D:3      | Killed PaleRider's ghost
  2868 | D:3      | Reached skill level 3 in Long Blades
  2868 | D:3      | Reached skill level 2 in Invocations
  2868 | D:3      | Reached XP level 6. HP: 52/61 MP: 8/8
  2941 | D:3      | Identified the +9 dagger of Miuti {drain, rCorr}
  2988 | D:4      | Reached skill level 5 in Armour
  2988 | D:4      | Reached skill level 5 in Dodging
  3014 | D:4      | Noticed Dowan
  3016 | D:4      | Noticed Duvessa
  3024 | D:4      | Reached skill level 2 in Short Blades
  3024 | D:4      | Reached skill level 2 in Axes
  3024 | D:4      | Reached skill level 2 in Maces & Flails
  3024 | D:4      | Reached skill level 2 in Polearms
  3024 | D:4      | Reached skill level 2 in Staves
  3024 | D:4      | Reached skill level 2 in Slings
  3024 | D:4      | Reached skill level 2 in Bows
  3024 | D:4      | Reached skill level 2 in Crossbows
  3024 | D:4      | Reached skill level 2 in Throwing
  3024 | D:4      | Reached skill level 2 in Stealth
  3024 | D:4      | Reached skill level 2 in Shields
  3024 | D:4      | Reached skill level 2 in Unarmed Combat
  3024 | D:4      | Reached skill level 2 in Spellcasting
  3024 | D:4      | Reached skill level 2 in Evocations
  3028 | D:4      | Killed Duvessa
  3030 | D:4      | Noticed Robin
  3032 | D:4      | Killed Dowan
  3033 | D:4      | Reached XP level 7. HP: 52/67 MP: 10/10
  3036 | D:4      | Killed Robin
  3322 | D:4      | Found a radiant altar of Vehumet.
  3339 | D:4      | Reached *** piety under Wu Jian
  3340 | D:4      | Reached skill level 2 in Conjurations
  3340 | D:4      | Reached skill level 2 in Hexes
  3340 | D:4      | Reached skill level 2 in Summonings
  3340 | D:4      | Reached skill level 2 in Necromancy
  3340 | D:4      | Reached skill level 2 in Translocations
  3340 | D:4      | Reached skill level 2 in Transmutations
  3340 | D:4      | Reached skill level 2 in Fire Magic
  3340 | D:4      | Reached skill level 2 in Ice Magic
  3340 | D:4      | Reached skill level 2 in Air Magic
  3340 | D:4      | Reached skill level 2 in Earth Magic
  3340 | D:4      | Reached skill level 2 in Poison Magic
  3707 | D:4      | Reached skill level 3 in Invocations
  3893 | D:5      | Entered Level 5 of the Dungeon
  3899 | D:5      | Reached XP level 8. HP: 74/74 MP: 12/12
  3997 | D:5      | Noticed Blork the orc
  4003 | D:5      | Reached skill level 3 in Short Blades
  4003 | D:5      | Reached skill level 4 in Long Blades
  4003 | D:5      | Reached skill level 3 in Axes
  4003 | D:5      | Reached skill level 3 in Maces & Flails
  4003 | D:5      | Reached skill level 3 in Polearms
  4003 | D:5      | Reached skill level 3 in Staves
  4003 | D:5      | Reached skill level 3 in Slings
  4003 | D:5      | Reached skill level 3 in Bows
  4003 | D:5      | Reached skill level 3 in Crossbows
  4003 | D:5      | Reached skill level 3 in Throwing
  4003 | D:5      | Reached skill level 3 in Stealth
  4003 | D:5      | Reached skill level 3 in Shields
  4003 | D:5      | Reached skill level 3 in Unarmed Combat
  4003 | D:5      | Reached skill level 3 in Spellcasting
  4003 | D:5      | Reached skill level 3 in Evocations
  4006 | D:5      | Killed Blork the orc
  4075 | D:5      | Noticed Pikel
  4084 | D:5      | Killed Pikel
  4085 | D:5      | Reached skill level 11 in Fighting
  4128 | D:5      | Reached skill level 3 in Conjurations
  4128 | D:5      | Reached skill level 3 in Hexes
  4128 | D:5      | Reached skill level 3 in Summonings
  4128 | D:5      | Reached skill level 3 in Necromancy
  4128 | D:5      | Reached skill level 3 in Translocations
  4128 | D:5      | Reached skill level 3 in Transmutations
  4128 | D:5      | Reached skill level 3 in Fire Magic
  4128 | D:5      | Reached skill level 3 in Ice Magic
  4128 | D:5      | Reached skill level 3 in Air Magic
  4128 | D:5      | Reached skill level 3 in Earth Magic
  4128 | D:5      | Reached skill level 3 in Poison Magic
  4128 | D:5      | Reached skill level 4 in Invocations
  4175 | D:5      | Noticed Sigmund
  4179 | D:5      | Killed Sigmund
  4180 | D:5      | Reached skill level 6 in Armour
  4180 | D:5      | Reached skill level 6 in Dodging
  4180 | D:5      | Reached XP level 9. HP: 81/81 MP: 14/14
  4632 | D:5      | Reached skill level 4 in Short Blades
  4632 | D:5      | Reached skill level 4 in Axes
  4632 | D:5      | Reached skill level 4 in Maces & Flails
  4632 | D:5      | Reached skill level 4 in Polearms
  4632 | D:5      | Reached skill level 4 in Staves
  4632 | D:5      | Reached skill level 4 in Slings
  4632 | D:5      | Reached skill level 4 in Bows
  4632 | D:5      | Reached skill level 4 in Crossbows
  4632 | D:5      | Reached skill level 4 in Throwing
  4632 | D:5      | Reached skill level 4 in Stealth
  4632 | D:5      | Reached skill level 4 in Shields
  4632 | D:5      | Reached skill level 4 in Unarmed Combat
  4632 | D:5      | Reached skill level 4 in Spellcasting
  4632 | D:5      | Reached skill level 4 in Evocations
  4648 | D:5      | Noticed Ijyb
  4662 | D:5      | Killed Ijyb
  4684 | D:5      | Noticed Prince Ribbit
  4696 | D:5      | Killed Prince Ribbit
  4826 | D:5      | Reached **** piety under Wu Jian
  4946 | D:6      | Found Acaytz's Jewellery Boutique.
  4969 | D:6      | Reached skill level 5 in Long Blades
  4999 | D:6      | Found Moiqe's Merry Market.
  5286 | D:7      | Noticed a two-headed ogre
  5292 | D:7      | Killed a two-headed ogre
  5293 | D:7      | Reached skill level 5 in Invocations
  5300 | D:7      | Reached XP level 10. HP: 40/88 MP: 17/17
  5304 | D:7      | Reached skill level 4 in Conjurations
  5304 | D:7      | Reached skill level 4 in Hexes
  5304 | D:7      | Reached skill level 4 in Summonings
  5304 | D:7      | Reached skill level 4 in Necromancy
  5304 | D:7      | Reached skill level 4 in Translocations
  5304 | D:7      | Reached skill level 4 in Transmutations
  5304 | D:7      | Reached skill level 4 in Fire Magic
  5304 | D:7      | Reached skill level 4 in Ice Magic
  5304 | D:7      | Reached skill level 4 in Air Magic
  5304 | D:7      | Reached skill level 4 in Earth Magic
  5304 | D:7      | Reached skill level 4 in Poison Magic
  5766 | D:7      | Reached skill level 5 in Short Blades
  5766 | D:7      | Reached skill level 5 in Axes
  5766 | D:7      | Reached skill level 5 in Maces & Flails
  5766 | D:7      | Reached skill level 5 in Polearms
  5766 | D:7      | Reached skill level 5 in Staves
  5766 | D:7      | Reached skill level 5 in Slings
  5766 | D:7      | Reached skill level 5 in Bows
  5766 | D:7      | Reached skill level 5 in Crossbows
  5766 | D:7      | Reached skill level 5 in Throwing
  5766 | D:7      | Reached skill level 5 in Stealth
  5766 | D:7      | Reached skill level 5 in Shields
  5766 | D:7      | Reached skill level 5 in Unarmed Combat
  5766 | D:7      | Reached skill level 5 in Spellcasting
  5766 | D:7      | Reached skill level 5 in Evocations
  5956 | D:7      | Found a staircase to the Ecumenical Temple.
  6026 | D:7      | Noticed a deep troll
  6026 | D:7      | Noticed a deep troll
  6050 | D:7      | Killed a deep troll
  6051 | D:7      | Reached skill level 7 in Armour
  6051 | D:7      | Reached skill level 7 in Dodging
  6071 | D:7      | Killed a deep troll
  6072 | D:7      | Reached skill level 6 in Long Blades
  6301 | D:7      | Identified +0 swamp dragon scales
  6301 | D:7      | Noticed Maggie
  6307 | D:7      | Killed Maggie
  6308 | D:7      | Reached skill level 6 in Invocations
  6359 | D:7      | Found the amulet of Vitality {Regen+ HP+15}
  6637 | D:8      | Reached ***** piety under Wu Jian
  6674 | D:8      | Found Sici's Magic Scroll Shop.
  6825 | D:8      | Learned a level 2 spell: Ensorcelled Hibernation
  6828 | D:8      | Learned a level 2 spell: Poisonous Vapours
  6867 | D:8      | Noticed a two-headed ogre
  6886 | D:8      | Killed a two-headed ogre
  6887 | D:8      | Reached XP level 11. HP: 56/95 MP: 16/19
  6988 | D:8      | Reached skill level 12 in Fighting
  6988 | D:8      | Reached skill level 6 in Short Blades
  6988 | D:8      | Reached skill level 6 in Axes
  6988 | D:8      | Reached skill level 6 in Maces & Flails
  6988 | D:8      | Reached skill level 6 in Polearms
  6988 | D:8      | Reached skill level 6 in Staves
  6988 | D:8      | Reached skill level 6 in Slings
  6988 | D:8      | Reached skill level 6 in Bows
  6988 | D:8      | Reached skill level 6 in Crossbows
  6988 | D:8      | Reached skill level 6 in Throwing
  6988 | D:8      | Reached skill level 6 in Stealth
  6988 | D:8      | Reached skill level 6 in Shields
  6988 | D:8      | Reached skill level 6 in Unarmed Combat
  6988 | D:8      | Reached skill level 6 in Spellcasting
  6988 | D:8      | Reached skill level 6 in Evocations
  7019 | D:8      | Reached skill level 5 in Conjurations
  7019 | D:8      | Reached skill level 5 in Hexes
  7019 | D:8      | Reached skill level 5 in Summonings
  7019 | D:8      | Reached skill level 5 in Necromancy
  7019 | D:8      | Reached skill level 5 in Translocations
  7019 | D:8      | Reached skill level 5 in Transmutations
  7019 | D:8      | Reached skill level 5 in Fire Magic
  7019 | D:8      | Reached skill level 5 in Ice Magic
  7019 | D:8      | Reached skill level 5 in Air Magic
  7019 | D:8      | Reached skill level 5 in Earth Magic
  7019 | D:8      | Reached skill level 5 in Poison Magic
  7577 | D:9      | Found a runed translucent door.
  7577 | D:9      | Noticed an ice dragon
  7577 | D:9      | Found the +2 shield of Resistance {rF++ rC++ Will++}
  7578 | D:9      | Noticed a fire dragon
  7578 | D:9      | Noticed an ice dragon
  7578 | D:9      | Noticed a fire dragon
  7616 | D:9      | Found a runed translucent door.
  7732 | D:9      | Found a staircase to the Orcish Mines.
  8462 | D:10     | Entered Level 10 of the Dungeon
  8505 | D:10     | Noticed a two-headed ogre
  8505 | D:10     | Noticed Joseph
  8522 | D:10     | Killed a two-headed ogre
  8523 | D:10     | Reached skill level 7 in Invocations
  8527 | D:10     | HP: 11/110 [Joseph/sling bullet (1)]
  8643 | D:10     | Killed Joseph
  8644 | D:10     | Reached skill level 7 in Long Blades
  8644 | D:10     | Reached skill level 8 in Armour
  8644 | D:10     | Reached skill level 8 in Dodging
  8738 | D:10     | Identified the +1 shortbow of Paper {venom, rF+ Str+5
                  | Dex-5}
  8798 | D:10     | Noticed Nergalle
  8809 | D:10     | Noticed a spectral orc warlord
  8818 | D:10     | Killed from afar by Nergalle

Vanquished Creatures
  3 two-headed ogres
  2 deep trolls (D:7)
  Pikel (D:5)
  Joseph (D:10)
  Maggie (D:7)
  Prince Ribbit (D:5)
  Sigmund (D:5)
  A shadow (D:9)
  A wyvern (D:9)
  The ghost of PaleRider the Chopper, an amateur MiBe of Trog (D:3)
  A yak (D:8)
  3 vampire mosquitoes (D:9)
  4 wargs (D:9)
  2 water moccasins (D:8)
  Duvessa (D:4)
  10 orc warriors
  An ice beast (D:6)
  2 sky beasts
  4 black bears
  An ogre (D:7)
  2 necrophages
  3 centaurs
  2 phantoms
  A lemure (D:5)
  Blork the orc (D:5)
  3 bullfrogs
  A gnoll sergeant (D:8)
  3 scorpions
  A wyvern skeleton (D:7)
  Dowan (D:4)
  9 killer bees
  2 hounds
  5 orc priests
  2 centaur skeletons
  A gnoll shaman (D:5)
  Ijyb (D:5)
  A bullfrog skeleton (D:7)
  3 iguanas
  7 orc wizards
  A killer bee zombie (D:9)
  Robin (D:4)
  11 adders
  10 gnolls
  A shadow imp (D:6)
  A white imp (D:6)
  A worm (D:2)
  A dart slug (D:5)
  35 orcs
  11 endoplasms
  14 goblins
  8 hobgoblins
  11 jackals
  6 quokkas
  8 ball pythons
  3 bats
  4 frilled lizards
  5 kobolds
  8 rats
231 creatures vanquished.
